[Event "Titled Tuesday Blitz November 22 Early 2022"]
[White "Bashirli, Saadat"]
[Black "Ibadov, Dashgyn"]
[WhiteFideId "13429990"]
[BlackFideId "24107514"]
[WhiteElo "1408"]
[BlackElo "2208"]
[Result "0-1"]
[Round "06"]
[TimeControl "180+1"]
[Date "2022.11.23"]
[WhiteClock "0:00:41"]
[BlackClock "0:00:13"]

1. d4 d5 2. c4 c6 3. Nc3 Nf6 4. e3 e6 5. Nf3 Nbd7 6. Qc2 Bd6 7. b3 O-O 8. Be2 Qe7 9. Bb2 dxc4 10. bxc4 e5 11. O-O Re8 12. c5 Bc7 13. Bc4 h6 14. h3 e4 15. Nd2 Nf8 16. Rae1 b5 17. cxb6 axb6 18. Qb3 b5 19. Be2 Qd6 20. f4 exf3 21. Rxf3 Qh2+ 22. Kf2 Be6 23. Qc2 Ng6 24. Nde4 Nxe4+ 25. Nxe4 Bd5 26. Bd3 Nh4 27. Rg1 Nxf3 28. Kxf3 Qxg1 29. Qc5 f5 30. Ba3 fxe4+ 31. Ke2 Qxg2+ 32. Kd1 exd3 33. Qf8+ Rxf8 34. Bxf8 0-1


[Site "https://www.chess.com"]

[Event "Titled Tuesday Blitz November 22 Early 2022"]
[White "Begmuratov, Khumoyun"]
[Black "Pham, Khoi"]
[WhiteFideId "14210207"]
[BlackFideId "1054988"]
[WhiteElo "2267"]
[BlackElo "2468"]
[Result "1-0"]
[Round "06"]
[TimeControl "180+1"]
[Date "2022.11.23"]
[WhiteClock "0:00:29"]
[BlackClock "0:00:08"]

1. e4 e6 2. d4 d5 3. Nc3 Bb4 4. e5 c5 5. a3 Bxc3+ 6. bxc3 Ne7 7. Qg4 Qc7 8. Qxg7 Rg8 9. Qxh7 cxd4 10. Ne2 dxc3 11. Qd3 Nbc6 12. Qxc3 Qxe5 13. Qxe5 Nxe5 14. h4 Bd7 15. h5 Rc8 16. Bb2 f6 17. Nd4 Kf7 18. h6 Nc4 19. Bxc4 Rxc4 20. h7 Rh8 21. O-O-O e5 22. Nf3 Bf5 23. Rd2 d4 24. Re1 Nc6 25. Rde2 Rxh7 26. Kd1 Rg7 27. Nh4 Bg4 28. f3 Be6 29. g4 Rh7 30. Rh2 Bd5 31. f4 e4 32. g5 fxg5 33. fxg5 Ke6 34. Rf1 Ne5 35. Rf6+ Kd7 36. g6 Rg7 37. Nf5 Rxg6 38. Rh7+ Bf7 39. Rhxf7+ Nxf7 40. Rxg6 d3 41. cxd3 exd3 42. Rg7 Ke6 43. Rxf7 Rc2 44. Rf6+ Kd5 45. Ne3+ Ke4 46. Nxc2 dxc2+ 47. Kxc2 1-0


[Site "https://www.chess.com"]

[Event "Titled Tuesday Blitz November 22 Early 2022"]
[White "Begunov, Konstantin"]
[Black "Williams, Simon K"]
[WhiteFideId "4118510"]
[BlackFideId "404454"]
[WhiteElo "2140"]
[BlackElo "2468"]
[Result "1-0"]
[Round "06"]
[TimeControl "180+1"]
[Date "2022.11.23"]
[WhiteClock "0:00:39"]
[BlackClock "0:00:27"]

1. d4 e6 2. c4 f5 3. Nc3 Nf6 4. Bg5 Be7 5. f3 O-O 6. Qc2 Nc6 7. O-O-O d5 8. e3 a6 9. cxd5 Nxd5 10. Bxe7 Ncxe7 11. Qd2 b5 12. Bd3 Bb7 13. Nge2 b4 14. Na4 Nb6 15. Nc5 Bd5 16. Kb1 b3 17. axb3 Nd7 18. Bc4 Nxc5 19. dxc5 Qb8 20. Nf4 Bxc4 21. bxc4 Qb3 22. Nxe6 Rfb8 23. Nxc7 Ra7 24. Nd5 Nc6 25. Qc3 Qa4 26. Nb6 Rxb6 27. cxb6 Rb7 28. c5 h6 29. Rd4 Qb5 30. Qc4+ Qxc4 31. Rxc4 Kf7 32. Rd1 1-0


[Site "https://www.chess.com"]

[Event "Titled Tuesday Blitz November 22 Early 2022"]
[White "Bluebaum, Matthias"]
[Black "Donchenko, Alexander"]
[WhiteFideId "24651516"]
[BlackFideId "24603295"]
[WhiteElo "2633"]
[BlackElo "2572"]
[Result "1-0"]
[Round "06"]
[TimeControl "180+1"]
[Date "2022.11.22"]
[WhiteClock "0:00:44"]
[BlackClock "0:00:15"]

1. d4 d5 2. c4 e6 3. Nc3 Bb4 4. a3 Bxc3+ 5. bxc3 Ne7 6. e3 O-O 7. Bd3 b6 8. cxd5 exd5 9. Ne2 Bf5 10. O-O c5 11. f3 Bxd3 12. Qxd3 Nd7 13. e4 cxd4 14. cxd4 dxe4 15. fxe4 Rc8 16. a4 Ng6 17. Ba3 Re8 18. Rad1 Nf6 19. Ng3 Qd7 20. Rxf6 gxf6 21. Nh5 Qxa4 22. Nxf6+ Kg7 23. Nxe8+ Rxe8 24. Bb2 Kg8 25. d5 Rxe4 26. d6 Nf8 27. d7 Nxd7 28. Qxd7 Re1+ 29. Kf2 Qh4+ 30. g3 1-0


[Site "https://www.chess.com"]

[Event "Titled Tuesday Blitz November 22 Early 2022"]
[White "Bon, Michael"]
[Black "Pajeken, Jakob Leon"]
[WhiteFideId "620696"]
[BlackFideId "12942839"]
[WhiteElo "2354"]
[BlackElo "2429"]
[Result "0-1"]
[Round "06"]
[TimeControl "180+1"]
[Date "2022.11.23"]
[WhiteClock "0:00:07"]
[BlackClock "0:01:13"]

1. e4 e5 2. Nf3 Nc6 3. Bc4 Bc5 4. c3 Nf6 5. d3 a6 6. Bb3 O-O 7. O-O d6 8. Nbd2 Ba7 9. Re1 Ng4 10. Re2 Kh8 11. Nf1 f5 12. exf5 Bxf5 13. Ng3 Bg6 14. h3 Nf6 15. d4 exd4 16. cxd4 d5 17. Bg5 h6 18. Bh4 Be4 19. Nxe4 dxe4 20. Ne5 Nxd4 21. Ng6+ Kh7 22. Nxf8+ Qxf8 23. Re3 Nf5 24. Bxf6 Nxe3 25. Qe2 Qxf6 26. fxe3 Rf8 27. Bd5 Qg5 28. Bxe4+ Kh8 29. Bxb7 Bxe3+ 30. Kh1 Qg3 31. Qg4 Qd6 32. Be4 Bg5 33. Rd1 Qe5 34. b3 Re8 35. Bf3 Bf4 36. Qh5 Qe1+ 0-1


[Site "https://www.chess.com"]

[Event "Titled Tuesday Blitz November 22 Early 2022"]
[White "Bortnyk, Olexandr"]
[Black "Odinaev, Timur"]
[WhiteFideId "14120828"]
[BlackFideId "4163770"]
[WhiteElo "2723"]
[BlackElo "2306"]
[Result "1-0"]
[Round "06"]
[TimeControl "180+1"]
[Date "2022.11.23"]
[WhiteClock "0:02:03"]
[BlackClock "0:00:49"]

1. d4 Nf6 2. Nc3 d5 3. Bf4 c6 4. e3 g6 5. h4 h6 6. Nf3 Bg4 7. Be2 Bxf3 8. Bxf3 Nbd7 9. Qd2 b5 10. a3 Nb6 11. Qe2 Bg7 12. O-O Nc4 13. e4 e6 14. exd5 Nxd5 15. Bxd5 cxd5 16. Nxb5 O-O 17. b3 Nb6 18. Bd6 Qxh4 19. Bxf8 Kxf8 20. g3 Qg5 21. Rad1 h5 22. Qe3 Qg4 23. Kg2 a6 24. Nd6 h4 25. Qf4 Qxf4 26. gxf4 Ke7 27. Nb7 Nd7 28. c4 Rb8 29. Na5 dxc4 30. Nc6+ Kd6 31. Nxb8 Nxb8 32. bxc4 Nc6 33. d5 exd5 34. Rxd5+ Kc7 35. Rfd1 1-0


[Site "https://www.chess.com"]

[Event "Titled Tuesday Blitz November 22 Early 2022"]
[White "Buscar, Michael"]
[Black "Hartikainen, Jarmo"]
[WhiteFideId "2603616"]
[BlackFideId "503134"]
[WhiteElo "2010"]
[BlackElo "2191"]
[Result "1-0"]
[Round "06"]
[TimeControl "180+1"]
[Date "2022.11.23"]
[WhiteClock "0:00:09"]
[BlackClock "0:00:11"]

1. Nf3 Nf6 2. g3 g6 3. Bg2 Bg7 4. d3 O-O 5. Bg5 d6 6. Qc1 Nbd7 7. Bh6 e5 8. h4 Nh5 9. Bxg7 Kxg7 10. Nbd2 f5 11. c3 Qf6 12. Qc2 c6 13. O-O-O a5 14. Kb1 a4 15. e4 a3 16. b3 Nc5 17. Rhe1 Be6 18. Ng5 Bg8 19. d4 exd4 20. cxd4 Na6 21. e5 Qd8 22. Nc4 h6 23. Nf3 Bxc4 24. Qxc4 d5 25. Qe2 Nb4 26. e6 Qe7 27. Qe5+ Rf6 28. Re2 Re8 29. Bh3 Qxe6 30. Qc7+ Qf7 31. Qxf7+ Kxf7 32. Ne5+ Kg7 33. Rde1 Rfe6 34. Re3 Nf6 35. f3 Nd7 36. f4 c5 37. dxc5 Nxc5 38. g4 fxg4 39. Bxg4 R6e7 40. h5 Ncd3 41. Rg1 Nxe5 42. fxe5 Rxe5 43. Rxe5 Rxe5 44. hxg6 Rg5 45. Rg2 Kxg6 46. Bf3 b6 47. Re2 Kf6 48. Kc1 Re5 49. Rh2 h5 50. Bxh5 Nxa2+ 51. Rxa2 Rxh5 52. Rxa3 Ke5 53. Ra6 Rh6 54. Kd2 Kd4 55. Ra4+ Kc5 56. Rg4 Rh2+ 57. Kc3 Rh3+ 58. Kb2 d4 59. Rg5+ Kb4 60. Rg6 Rxb3+ 61. Kc2 Kc4 62. Rc6+ Kd5 63. Rc8 Rb5 64. Kd3 Rb3+ 65. Kd2 Rb5 66. Kd3 Rb4 67. Rc7 Kd6 68. Rc8 Kd5 69. Rd8+ Kc5 70. Rc8+ Kb5 71. Rd8 Rb1 72. Ra8 Rd1+ 73. Kc2 Rh1 74. Kd3 Rh4 75. Rb8 Kc5 76. Rc8+ Kb4 77. Rc4+ Kb3 78. Rc6 b5 79. Rg6 b4 80. Rg2 Ka4 81. Kc4 b3 82. Rg8 d3+ 83. Kxd3 Rb4 84. Kc3 b2 85. Ra8+ Kb5 86. Rb8+ Kc5 87. Rxb4 b1=Q 88. Rxb1 Kd5 89. Rb4 Kc5 90. Rc4+ Kd5 91. Rd4+ Kc5 92. Kd3 Kc6 93. Kc4 Kb6 94. Rd6+ Kc7 95. Kc5 Kb7 96. Rd7+ Ka6 97. Re7 Ka5 98. Ra7# 1-0


[Site "https://www.chess.com"]

[Event "Titled Tuesday Blitz November 22 Early 2022"]
[White "Can, Isik"]
[Black "Ravot, Sylvain"]
[WhiteFideId "6383742"]
[BlackFideId "627763"]
[WhiteElo "2374"]
[BlackElo "2195"]
[Result "1-0"]
[Round "06"]
[TimeControl "180+1"]
[Date "2022.11.23"]
[WhiteClock "0:00:45"]
[BlackClock "0:00:01"]

1. e4 c5 2. Nf3 Nc6 3. d4 cxd4 4. Nxd4 g6 5. c4 Bg7 6. Be3 Nf6 7. Nc3 O-O 8. Be2 d6 9. O-O Bd7 10. h3 Nxd4 11. Bxd4 a5 12. Qc2 Bc6 13. Rad1 Nd7 14. Bxg7 Kxg7 15. Bg4 Ra6 16. Bxd7 Bxd7 17. a4 Be6 18. b3 Qc7 19. f4 f5 20. Rde1 Rf7 21. Kh1 Qc6 22. Nb5 Ra8 23. Nd4 Qd7 24. Qc3 Kg8 25. exf5 Bxf5 26. g4 e5 27. fxe5 dxe5 28. Nf3 Bxg4 29. Nxe5 Rxf1+ 30. Rxf1 Qe6 31. hxg4 Re8 32. Re1 1-0


[Site "https://www.chess.com"]

[Event "Titled Tuesday Blitz November 22 Early 2022"]
[White "Caruana, Fabiano"]
[Black "Skliarov, Viktor"]
[WhiteFideId "2020009"]
[BlackFideId "14106736"]
[WhiteElo "2847"]
[BlackElo "2284"]
[Result "1/2-1/2"]
[Round "06"]
[TimeControl "180+1"]
[Date "2022.11.22"]
[WhiteClock "0:00:44"]
[BlackClock "0:00:04"]

1. e4 c5 2. Nf3 Nc6 3. Bb5 e6 4. b3 Nge7 5. Bb2 a6 6. Bxc6 Nxc6 7. O-O f6 8. Re1 Be7 9. a4 O-O 10. d4 cxd4 11. Nxd4 Nxd4 12. Qxd4 b6 13. Nd2 Bb7 14. Qd3 d5 15. e5 fxe5 16. Bxe5 Bc5 17. Nf3 d4 18. Nd2 Qg5 19. Bg3 Qf5 20. Ne4 Rad8 21. Re2 Bb4 22. f3 a5 23. Rd1 Rd7 24. Nf2 Rc8 25. Be5 Qxd3 26. Nxd3 Ba6 27. Rf2 Rd5 28. Nxb4 axb4 29. f4 d3 30. cxd3 Rxd3 31. Rfd2 Rcd8 32. Rxd3 Rxd3 33. Rc1 Rxb3 34. Rc7 g6 35. Rg7+ Kf8 36. Rxh7 Bd3 37. Rb7 Be4 38. Rxb6 Rb1+ 39. Kf2 b3 40. a5 Bd5 41. a6 Rc1 42. g4 Rc2+ 43. Kg3 Ra2 44. Kh4 Rxh2+ 45. Kg5 Ra2 46. Kxg6 Ke7 47. g5 Bc4 48. Rb7+ Kd8 49. a7 Bd5 50. Rb8+ Kd7 51. Bd4 Ra4 52. Bb6 b2 53. Be3 b1=Q+ 54. Rxb1 Be4+ 55. Kf7 Bxb1 56. g6 Bxg6+ 57. Kxg6 Kc6 58. Kf6 Kd6 59. Kf7 Kd7 60. Kg6 Ra3 61. Kf6 Ra4 62. Ke5 Ra5+ 63. Ke4 Kc6 64. Kf3 Ra4 65. Kg4 Kd7 66. Kg5 Ra5+ 67. Kf6 Ra4 68. Kg6 1/2-1/2


[Site "https://www.chess.com"]

[Event "Titled Tuesday Blitz November 22 Early 2022"]
[White "Castillo Pena, Patricia Evarista"]
[Black "Adithya A Chullikkad"]
[WhiteFideId "6412106"]
[BlackFideId "45078734"]
[WhiteElo "1919"]
[BlackElo "2106"]
[Result "0-1"]
[Round "06"]
[TimeControl "180+1"]
[Date "2022.11.23"]
[WhiteClock "0:00:02"]
[BlackClock "0:00:16"]

1. d4 Nf6 2. Nf3 c5 3. e3 cxd4 4. exd4 d5 5. Bd3 Nc6 6. O-O Bg4 7. c3 e6 8. Bg5 h6 9. Bh4 Be7 10. h3 Bh5 11. Nbd2 O-O 12. Re1 Qc8 13. Rc1 Nd7 14. Bg3 Qd8 15. Qb3 Qb6 16. Qxb6 Nxb6 17. Ne5 Nxe5 18. Rxe5 g5 19. Rce1 Bd6 20. R5e3 Bxg3 21. Rxg3 Kh8 22. Nf3 Bxf3 23. Rxf3 Kg7 24. g4 Na4 25. Re2 Rac8 26. Bb1 Nb6 27. Bd3 Nd7 28. Kg2 Rfe8 29. Rfe3 Nf8 30. Kg3 Rc6 31. h4 gxh4+ 32. Kxh4 Ng6+ 33. Bxg6 fxg6 34. Re5 Ra6 35. a3 Rb6 36. g5 h5 37. Kg3 Kf7 38. f4 Rc8 39. Rh2 Rb3 40. Kh4 Rc6 41. Rf2 Rcb6 42. Ree2 a5 43. Rg2 Rc6 44. Rgf2 b5 0-1


[Site "https://www.chess.com"]

[Event "Titled Tuesday Blitz November 22 Early 2022"]
[White "Chernov, Mikhail"]
[Black "Goroshkov, Maksym"]
[WhiteFideId "24143170"]
[BlackFideId "14142716"]
[WhiteElo "2113"]
[BlackElo "2257"]
[Result "0-1"]
[Round "06"]
[TimeControl "180+1"]
[Date "2022.11.23"]
[WhiteClock "0:00:54"]
[BlackClock "0:02:09"]

1. e4 e5 2. Nc3 Nf6 3. Bc4 Nc6 4. d3 Be7 5. f4 O-O 6. Nf3 d6 7. f5 Nd4 8. Be3 c5 9. Rg1 a6 10. a4 Bd7 11. g4 b5 12. Nd5 bxc4 13. Nxe7+ Qxe7 14. g5 Ne8 15. dxc4 Bc6 16. Rg4 Qb7 17. Bxd4 Bxe4 0-1


[Site "https://www.chess.com"]

[Event "Titled Tuesday Blitz November 22 Early 2022"]
[White "Ciuffoletti, Paolo"]
[Black "Gardezi, Arsal"]
[WhiteFideId "807630"]
[BlackFideId "30949521"]
[WhiteElo "2143"]
[BlackElo "1906"]
[Result "0-1"]
[Round "06"]
[TimeControl "180+1"]
[Date "2022.11.23"]
[WhiteClock "0:00:01"]
[BlackClock "0:00:24"]

1. e4 c5 2. d4 cxd4 3. c3 dxc3 4. Nxc3 Nc6 5. Nf3 e6 6. Bc4 Bb4 7. O-O Nge7 8. Bf4 O-O 9. Bd6 Bxd6 10. Qxd6 Ng6 11. Rad1 Qb6 12. Rd2 Qb4 13. Bb3 a6 14. Qg3 Qe7 15. h4 h5 16. e5 b5 17. Ne4 a5 18. Bc2 Qb4 19. Nd6 Ngxe5 20. Nxe5 Qxd2 21. Nexf7 Qxc2 22. Nh6+ Kh7 23. Nhf7 Qg6 24. Ng5+ Kg8 25. Rd1 Ne7 26. Qe3 Nf5 27. Qe4 Ra6 28. Nxc8 Rxc8 29. Rxd7 Rac6 30. Ra7 Qf6 31. Qd3 Qe5 32. Qd7 Rc1+ 0-1


[Site "https://www.chess.com"]

[Event "Titled Tuesday Blitz November 22 Early 2022"]
[White "Cnejev, Vladimir-Alexandru"]
[Black "Topalov, Aleksandar"]
[WhiteFideId "1260898"]
[BlackFideId "925659"]
[WhiteElo "2193"]
[BlackElo "2179"]
[Result "0-1"]
[Round "06"]
[TimeControl "180+1"]
[Date "2022.11.23"]
[WhiteClock "0:00:04"]
[BlackClock "0:01:30"]

1. e4 e6 2. d4 d5 3. e5 Ne7 4. Nf3 Qd7 5. c3 b6 6. Be3 Ba6 7. Bxa6 Nxa6 8. O-O Nf5 9. Nbd2 Nb8 10. g4 Nxe3 11. fxe3 Be7 12. e4 O-O 13. exd5 exd5 14. h3 c5 15. Qe2 Nc6 16. Rf2 f6 17. Raf1 fxe5 18. Nxe5 Nxe5 19. Rxf8+ Bxf8 20. dxe5 Re8 21. Nf3 h5 22. Ng5 Qe7 23. Nf7 Qh4 24. Kg2 Be7 25. Qf3 Rf8 26. Qf5 d4 27. Qe6 Kh7 28. Qf5+ g6 0-1


[Site "https://www.chess.com"]

[Event "Titled Tuesday Blitz November 22 Early 2022"]
[White "Cramling Bellon, Anna"]
[Black "Shapiro, Daniel"]
[WhiteFideId "32009232"]
[BlackFideId "2001780"]
[WhiteElo "1972"]
[BlackElo "2329"]
[Result "1-0"]
[Round "06"]
[TimeControl "180+1"]
[Date "2022.11.23"]
[WhiteClock "0:00:03"]
[BlackClock "0:00:06"]

1. d4 Nf6 2. c4 e6 3. Nf3 d5 4. Nc3 Bb4 5. Qc2 O-O 6. Bg5 b6 7. e3 Bb7 8. cxd5 exd5 9. Bd3 h6 10. Bh4 Nbd7 11. O-O Re8 12. Ne2 Bd6 13. Bg3 Qe7 14. Rac1 Rac8 15. Bxd6 Qxd6 16. Ng3 c5 17. Nf5 Qb8 18. Qd2 Ne4 19. Qe2 c4 20. Bxe4 dxe4 21. Nd2 b5 22. Qg4 g6 23. Nxh6+ Kg7 24. Qxd7 Kxh6 25. Qxb5 Qa8 26. Rxc4 Bd5 27. Rc5 Rb8 28. Qa5 Rxb2 29. Rxd5 Rxd2 30. Rd7 Rc2 31. Rxf7 Qc6 32. Rf4 Rc1 33. Rh4+ Kg7 34. Qd2 Rc8 35. g3 Rc2 36. Qd1 Rxa2 37. Qg4 Qf6 38. Qf4 Qf5 39. Qxe4 Rcc2 40. Qe7+ Kg8 41. Qe8+ Kg7 42. Qh8+ Kf7 43. Rh7+ Ke6 44. Qe8+ Kd6 45. Qd8+ Kc6 46. Rc7+ Kb5 47. Qb8+ Ka6 48. Rxa7# 1-0


[Site "https://www.chess.com"]

[Event "Titled Tuesday Blitz November 22 Early 2022"]
[White "Csonka, Balazs"]
[Black "Golichenko, Ilija"]
[WhiteFideId "742910"]
[BlackFideId "14117223"]
[WhiteElo "2404"]
[BlackElo "2350"]
[Result "1-0"]
[Round "06"]
[TimeControl "180+1"]
[Date "2022.11.23"]
[WhiteClock "0:01:41"]
[BlackClock "0:00:26"]

1. e4 Nf6 2. e5 Nd5 3. d4 d6 4. Nf3 Bg4 5. Be2 e6 6. O-O Be7 7. h3 Bh5 8. c4 Nb6 9. exd6 cxd6 10. Nc3 O-O 11. b3 Nc6 12. Be3 a6 13. d5 Bxf3 14. Bxf3 Ne5 15. dxe6 Nxf3+ 16. Qxf3 fxe6 17. Qxb7 Rb8 18. Qxa6 Bf6 19. Rac1 Qc7 20. Nb5 Qc6 21. c5 1-0


[Site "https://www.chess.com"]

[Event "Titled Tuesday Blitz November 22 Early 2022"]
[White "Danielian, Vardan"]
[Black "Movahed, Sina"]
[WhiteFideId "13301594"]
[BlackFideId "42520835"]
[WhiteElo "2561"]
[BlackElo "2225"]
[Result "0-1"]
[Round "06"]
[TimeControl "180+1"]
[Date "2022.11.23"]
[WhiteClock "0:00:02"]
[BlackClock "0:00:08"]

1. d4 Nf6 2. Nf3 g6 3. g3 Bg7 4. Bg2 O-O 5. O-O d6 6. c4 Nbd7 7. Nc3 e5 8. dxe5 dxe5 9. h3 c6 10. Be3 Qe7 11. Qb3 Re8 12. Rfd1 Nc5 13. Qa3 Bf8 14. Ng5 h6 15. Bxc5 Qxc5 16. Nge4 Nxe4 17. Nxe4 Qxa3 18. Nf6+ Kh8 19. bxa3 Re6 20. Rd8 Rxf6 21. Rxf8+ Kg7 22. Rd8 a5 23. Rad1 Re6 24. h4 Re7 25. Bh3 Rc7 26. Re8 b5 27. cxb5 cxb5 28. Rdd8 Rc1+ 29. Kh2 Bb7 30. Bg2 Bxg2 31. Rxa8 Bb7 32. f3 Bxa8 33. Rxa8 Rc2 34. Rxa5 Rxe2+ 35. Kh3 Rxa2 36. Rxb5 Rxa3 37. Rxe5 Rxf3 38. Kg2 Ra3 39. Rb5 Rd3 40. Rc5 Rd6 41. Rb5 Kf6 42. Rc5 Re6 43. Rb5 Re5 44. Rb7 Re7 45. Rb5 Rd7 46. Rc5 Rd6 47. Rb5 Ke6 48. Rc5 Rd5 49. Rc7 g5 50. hxg5 hxg5 51. Ra7 f6 52. Kf3 Rd3+ 53. Kf2 Kf5 54. Ra4 Rd2+ 55. Kf3 g4+ 56. Ke3 Rg2 57. Ra5+ Kg6 58. Kf4 f5 59. Ra6+ Kh5 60. Kxf5 Rxg3 61. Ra8 Rf3+ 62. Ke4 Rf7 63. Ke3 Kh4 64. Ra1 Kh3 65. Ke2 g3 66. Ra8 Kg2 67. Rh8 Re7+ 68. Kd1 Kg1 69. Kd2 g2 70. Kd1 Re5 71. Kd2 Re7 72. Kd1 Re4 73. Kd2 Kf2 74. Rf8+ Kg3 75. Rg8+ Rg4 0-1


[Site "https://www.chess.com"]

[Event "Titled Tuesday Blitz November 22 Early 2022"]
[White "Dardha, Daniel"]
[Black "Pranav, V"]
[WhiteFideId "240990"]
[BlackFideId "25060783"]
[WhiteElo "2528"]
[BlackElo "2430"]
[Result "1-0"]
[Round "06"]
[TimeControl "180+1"]
[Date "2022.11.22"]
[WhiteClock "0:00:06"]
[BlackClock "0:00:03"]

1. d4 Nf6 2. c4 e6 3. g3 c5 4. d5 exd5 5. cxd5 b5 6. Bg2 Bd6 7. e4 O-O 8. Ne2 Re8 9. Nd2 Bf8 10. O-O d6 11. a4 b4 12. Nc4 Ba6 13. Qc2 b3 14. Qxb3 Nxe4 15. Nc3 Nxc3 16. Qxc3 Nd7 17. Bf4 Bxc4 18. Qxc4 Rb8 19. Qc2 Qf6 20. b3 g6 21. Rae1 Bg7 22. h4 h6 23. Rxe8+ Rxe8 24. b4 g5 25. hxg5 hxg5 26. Bd2 Qd4 27. bxc5 Nxc5 28. Bxg5 Qxa4 29. Qxa4 Nxa4 30. Bf4 Rd8 31. Rb1 Nc3 32. Re1 a5 33. Bg5 Ra8 34. Bf4 Rd8 35. Re7 a4 36. Bc1 Bf6 37. Re3 Rb8 38. Kh2 Rb3 39. Re8+ Kg7 40. Ra8 Rb4 41. Ba3 Rb6 42. Rc8 Nb5 43. Bc1 a3 44. Ra8 Bb2 45. Be3 Rb7 46. Bf1 Nc7 47. Ra5 Ne8 48. Bf4 Nf6 49. Bxd6 Rb3 50. Be7 Ne4 51. d6 Bc3 52. Ra7 Bb4 53. Bc4 Rb2 54. Bh4 Rxf2+ 55. Kh3 Nxd6 56. Bd5 Rd2 57. Bb3 Rd3 58. Ba2 Rd2 59. Bb3 Kg6 60. Be7 f6 61. Bf8 Kf5 62. Ra6 Ne4 63. Be6+ Ke5 64. Bxb4 Ng5+ 65. Kg4 Rd4+ 66. Kh5 Nxe6 67. Bc3 a2 68. Bxd4+ Nxd4 69. Rxa2 Nf5 70. Ra5+ Ke6 71. g4 Ne7 72. Ra6+ Kf7 73. Ra7 Ke6 74. Kh6 Kf7 75. Rb7 Kf8 76. Kh5 Kf7 77. Kh4 Ke6 78. Kg3 Nd5 79. Kf3 Ne7 80. Rb6+ Ke5 81. Ra6 Nd5 82. Ra5 Kd4 83. Ra1 Ke5 84. Re1+ Kd6 85. Ke4 Ne7 86. Kf4 Kd7 87. Re2 Ke8 88. Ra2 Kf7 89. Ra3 Ke6 90. Kf3 Ng6 91. Ra6+ Ke5 92. Ra8 Ke6 93. Re8+ Kf7 94. Re2 Ne5+ 95. Kf4 Ng6+ 96. Kg3 Ne7 97. Rf2 Ke6 98. Kh4 Ng6+ 99. Kh5 Ne7 100. Kh6 Nd5 101. Kg7 Ke5 102. Rf5+ Ke6 103. Rxd5 Kxd5 104. Kxf6 1-0


[Site "https://www.chess.com"]

[Event "Titled Tuesday Blitz November 22 Early 2022"]
[White "Deac, Bogdan-Daniel"]
[Black "Zhigalko, Sergei"]
[WhiteFideId "1226380"]
[BlackFideId "13502956"]
[WhiteElo "2648"]
[BlackElo "2662"]
[Result "1-0"]
[Round "06"]
[TimeControl "180+1"]
[Date "2022.11.22"]
[WhiteClock "0:00:05"]
[BlackClock "0:00:01"]

1. d4 Nf6 2. Bf4 e6 3. e3 b6 4. c4 Bb7 5. Nc3 Bb4 6. Ne2 d5 7. a3 Be7 8. cxd5 exd5 9. g3 O-O 10. Bg2 Nbd7 11. O-O c6 12. h3 Re8 13. g4 Nf8 14. Ng3 Ne6 15. Be5 Nd7 16. Nf5 Nxe5 17. dxe5 Bf8 18. f4 f6 19. exf6 Qxf6 20. e4 dxe4 21. Nxe4 Bc5+ 22. Kh1 Qxb2 23. Qd7 Ba6 24. Rfb1 Qc2 25. Rc1 Qd3 26. Nxc5 bxc5 27. Qxd3 Bxd3 28. Bxc6 c4 29. Bxa8 Rxa8 30. Nd6 Nxf4 31. Nxc4 Re8 32. Nd6 Rd8 33. Rc8 Be4+ 34. Kh2 Rxc8 35. Nxc8 a6 36. Nd6 Bd5 37. Rc1 Kf8 38. Rc7 h6 39. Ra7 Nd3 40. Rxa6 1-0


[Site "https://www.chess.com"]

[Event "Titled Tuesday Blitz November 22 Early 2022"]
[White "Decuigniere, Tom"]
[Black "Hambleton, Aman"]
[WhiteFideId "26093820"]
[BlackFideId "2606577"]
[WhiteElo "2252"]
[BlackElo "2538"]
[Result "1-0"]
[Round "06"]
[TimeControl "180+1"]
[Date "2022.11.23"]
[WhiteClock "0:00:05"]
[BlackClock "0:00:04"]

1. c4 c5 2. Nc3 b6 3. Nf3 Bb7 4. g3 Bxf3 5. exf3 Nc6 6. Bg2 Nh6 7. O-O g6 8. f4 Nf5 9. a3 Rc8 10. b4 d6 11. Qa4 Qd7 12. Nb5 Bg7 13. Rb1 Nfd4 14. Nxd4 Nxd4 15. Qxd7+ Kxd7 16. d3 e6 17. Bb2 Ne2+ 18. Kh1 Bxb2 19. Rxb2 Nd4 20. Ra1 Rc7 21. b5 Ke7 22. a4 Rd8 23. a5 d5 24. h4 dxc4 25. dxc4 Rd6 26. axb6 axb6 27. Ra6 h6 28. Kh2 Kf6 29. Kh3 Rcd7 30. Rd2 h5 31. Bc6 Rc7 32. Rxb6 Ke7 33. Ra6 Nxc6 34. Rxd6 Kxd6 35. bxc6 Rxc6 36. Ra7 Rc7 37. Ra6+ Ke7 38. Ra5 Rc6 39. Kg2 Kd6 40. Ra7 Rc7 41. Ra6+ Kd7 42. Kf3 Rb7 43. Ra5 Kc6 44. Ra6+ Kc7 45. Ra5 Kb6 46. Rb5+ Kc6 47. Rxb7 Kxb7 48. Ke4 f6 49. Kd3 Kc6 50. f3 Kd6 51. Ke4 Kc7 52. Kd3 Kc6 53. Kc3 Kd6 54. Kd3 e5 55. Ke4 exf4 56. Kxf4 Kc6 57. Ke4 Kd6 58. g4 Ke6 59. gxh5 gxh5 60. Kf4 Ke7 61. Kf5 Kf7 62. f4 Ke7 63. Kg6 Ke6 64. Kxh5 Kf5 65. Kh6 Kxf4 66. h5 Ke4 67. Kg6 f5 68. h6 f4 69. h7 f3 70. h8=Q f2 71. Qf6 f1=Q 72. Qxf1 1-0


[Site "https://www.chess.com"]

[Event "Titled Tuesday Blitz November 22 Early 2022"]
[White "Devaev, Alexander"]
[Black "Aloma Vidal, Robert"]
[WhiteFideId "4169395"]
[BlackFideId "2260409"]
[WhiteElo "2225"]
[BlackElo "2435"]
[Result "0-1"]
[Round "06"]
[TimeControl "180+1"]
[Date "2022.11.23"]
[WhiteClock "0:00:15"]
[BlackClock "0:00:40"]

1. d4 d5 2. c4 c6 3. Nc3 Nf6 4. Nf3 e6 5. cxd5 exd5 6. Qc2 g6 7. Bg5 Bg7 8. e3 Bf5 9. Bd3 Bxd3 10. Qxd3 O-O 11. Bxf6 Qxf6 12. O-O Nd7 13. b4 a6 14. a4 b5 15. a5 Qe7 16. Na2 f5 17. Rac1 Rac8 18. Rfe1 g5 19. Rc2 g4 20. Nd2 f4 21. e4 dxe4 22. Nxe4 Kh8 23. Rce2 f3 24. Re3 fxg2 25. d5 cxd5 26. Qxd5 Nf6 27. Nxf6 Qxf6 28. Qxg2 Rc2 29. R3e2 Qb2 30. Nc1 Rxc1 0-1


[Site "https://www.chess.com"]

[Event "Titled Tuesday Blitz November 22 Early 2022"]
[White "Diaz Rosas, Julio Cesar"]
[Black "Harsh Suresh"]
[WhiteFideId "5105099"]
[BlackFideId "45018464"]
[WhiteElo "2246"]
[BlackElo "2227"]
[Result "1/2-1/2"]
[Round "06"]
[TimeControl "180+1"]
[Date "2022.11.23"]
[WhiteClock "0:00:09"]
[BlackClock "0:00:05"]

1. e4 c5 2. Nf3 g6 3. d4 cxd4 4. Qxd4 Nf6 5. e5 Nc6 6. Qa4 Nd5 7. Qe4 Nc7 8. Bf4 Bg7 9. Nc3 O-O 10. O-O-O Ne6 11. Be3 b6 12. Bc4 Bb7 13. h4 Nxe5 14. Bd5 Bxd5 15. Rxd5 Nxf3 16. gxf3 Qc7 17. Bd2 h5 18. Rg1 Rac8 19. f4 Qc4 20. Qxc4 Rxc4 21. f5 gxf5 22. Rxf5 Rxh4 23. Nd5 Re8 24. f3 Nd4 25. Rfg5 Ne2+ 26. Kd1 Nxg1 27. Rxg1 Rd4 28. Ne3 e6 29. Ke2 Rxd2+ 30. Kxd2 Kh7 31. Rh1 Kg6 32. Ng2 Bh6+ 33. Kd3 Bg5 34. f4 Bf6 35. c3 Rh8 36. Ke4 h4 37. Ne3 d5+ 38. Kf3 Kg7 39. Ng4 Be7 40. f5 exf5 41. Ne3 Kg6 42. Nxd5 Bg5 43. Rg1 h3 44. Nf4+ Kf6 45. Ne2 h2 46. Rh1 Ke5 47. Ng3 Kf6 48. Ne2 Bd2 49. Ng3 Bg5 50. Ne2 1/2-1/2


[Site "https://www.chess.com"]

[Event "Titled Tuesday Blitz November 22 Early 2022"]
[White "Djokic, Mihailo"]
[Black "Sadhwani, Raunak"]
[WhiteFideId "976440"]
[BlackFideId "35093487"]
[WhiteElo "2315"]
[BlackElo "2656"]
[Result "1-0"]
[Round "06"]
[TimeControl "180+1"]
[Date "2022.11.23"]
[WhiteClock "0:00:07"]
[BlackClock "0:00:03"]

1. e4 c6 2. d4 d5 3. exd5 cxd5 4. Nf3 Nf6 5. Bd3 Nc6 6. O-O Bg4 7. c3 e6 8. h3 Bh5 9. Re1 Bd6 10. Nbd2 O-O 11. Nf1 Qc7 12. Bg5 Nd7 13. Rc1 Rae8 14. Bh4 f6 15. Bg3 e5 16. dxe5 fxe5 17. Be2 Nf6 18. Ne3 Bf7 19. Ng5 Bc5 20. Nc2 h6 21. Nxf7 Qxf7 22. b4 Bb6 23. b5 Ne4 24. Bf3 Na5 25. Bxe4 Bxf2+ 26. Kh1 dxe4 27. Rf1 Bxg3 28. Rxf7 Rxf7 29. Qe2 Ref8 30. Ne3 Rf2 31. Qg4 Bf4 32. Re1 Kh8 33. Nd5 Nc4 34. Ne7 Re8 35. Qd7 Ra8 36. Qxb7 Nb6 37. Qxe4 Rd8 38. c4 Rdd2 39. c5 Nd7 40. c6 Nf6 41. Qg6 Rfe2 42. Rf1 Rf2 43. Rb1 Rc2 44. Kg1 Rfe2 45. a4 Be3+ 46. Kh1 Bf4 47. a5 e4 48. b6 axb6 49. axb6 Rb2 50. Rf1 Rf2 51. Rg1 Rxb6 52. Nf5 1-0


[Site "https://www.chess.com"]